 Dungeon Sprint DCSS version 0.17-a0-1718-g72dbe4d (webtiles) character file.

45286 Kidiri the Imperceptible (level 13, -5/56 HPs)
             Began as a Spriggan Enchanter on Aug 26, 2015.
             Was the Champion of Dithmenos.
             Engulfed by a deep elf knight's flame (20 damage)
             ... in the Dungeon (Sprint III: "The Ten Rune Challenge").
             The game lasted 00:19:48 (4363 turns).

Kidiri the Imperceptible (Spriggan Enchanter)       Turns: 4363, Time: 00:19:48

Health: -5/56      AC:  6    Str:  4    XL:     13   Next: 30%
Magic:  30/35      EV: 36    Int: 19    God:    Dithmenos [******]
Gold:   2815       SH:  0    Dex: 19    Spells: 12 memorised, 5 levels left

rFire  . . .     SeeInvis +     w - -2 short sword (curse)
rCold  . . .     Clarity  .     l - +2 robe {MR+}
rNeg   . . .     SustAt   .     (shield restricted)
rPois  .         Gourm    .     x - +2 hat
rElec  .         Spirit   .     (no cloak)
rCorr  .         Warding  .     (gloves unavailable)
rMut   .         NoTele   +     (boots unavailable)
MR     +++..                    (no amulet)
Stlth  ++++++....               (no ring)
                                (no ring)

@: confused, wreathed by umbra, very quick, extremely resistant to hostile
enchantments, very stealthy
A: unfitting armour, hooves 1, rugged brown scales 1, see invisible, deformed
body, herbivore 3, speed 3, slow metabolism 2, spit poison 2
a: Spit Poison, Shadow Step, Shadow Form, Renounce Religion
}: 1/10 runes: serpentine


You were in the Dungeon.
You worshipped Dithmenos.
Dithmenos was exalted by your worship.
You were not hungry.

You visited 1 branch You collected 2815 gold pieces.

Inventory:

Hand weapons
 a - a +1 dagger
 e - a +0 short sword
 n - a +1 dagger of speed
 w - a cursed -2 short sword (weapon)
Missiles
 k - 10 throwing nets (quivered)
Armour
 l - a +2 robe of magic resistance (worn)
 x - a +2 hat (worn)
Magical devices
 u - a wand of teleportation (9)
Scrolls
 j - a scroll of blinking
Potions
 d - a potion of lignification {unknown}
 f - a potion of heal wounds
 g - 3 potions of haste
 h - a potion of magic
 i - a potion of berserk rage
 m - 2 potions of cancellation {unknown}
 p - a potion of cure mutation
 q - 4 potions of flight
 t - 3 potions of might
Books
 c - an Akashic Record

   Spells                             Type                      Level
   a - Dispersal                      Translocation                6
   b - Controlled Blink               Translocation                7
   c - Malign Gateway                 Summoning/Translocation      7
   d - Disjunction                    Translocation                8
Comestibles
 o - 28 royal jellies
 v - 6 fruits


   Skills:
 + Level 12.2 Short Blades
 * Level 19.9 Dodging
 * Level 21.9 Stealth
 * Level 17.7 Spellcasting
 + Level 8.3 Conjurations
 + Level 13.2 Hexes
 + Level 12.0 Charms
 + Level 2.4 Summonings
 + Level 10.9 Translocations
 + Level 9.2 Ice Magic
 - Level 4.7 Invocations


You had 5 spell levels left.
You knew the following spells:

 Your Spells              Type           Power        Failure   Level  Hunger
a - Corona                Hex            ######.      0%          1    None
b - Ensorcelled Hibernat  Hex/Ice        ######       1%          2    None
c - Confuse               Hex            ######..     1%          3    None
d - Tukima's Dance        Hex            ######..     1%          3    None
e - Dazzling Spray        Conj/Hex       ######..     1%          3    None
f - Magic Dart            Conj           ####         1%          1    None
g - Searing Ray           Conj           #####.       1%          2    None
h - Fulminant Prism       Conj/Hex       ######....   1%          4    None
i - Iskenderun's Mystic   Conj           #####...     1%          4    None
j - Iskenderun's Battles  Conj/Chrm      ######..     1%          5    ###....
k - Controlled Blink      Tloc           N/A          38%         7    ######.
l - Malign Gateway        Summ/Tloc      #####.....   99%         7    ######.


Dungeon Overview and Level Annotations

Branches:
Dungeon (1/1)

Altars:
Cheibriados
Dithmenos
Elyvilon
Fedhas
Gozag
Kikubaaqudgha
Makhleb
Nemelex Xobeh
Okawaru
Qazlal
Ru
Sif Muna
Trog
Vehumet
Xom
Yredelemnul
Zin
The Shining One
Beogh
Jiyva
Lugonu

Shops:
D [}%*:[!


Innate Abilities, Weirdness & Mutations

You are tiny and cannot use many weapons and most armour.
You have supernaturally acute eyesight.
You are a herbivore.
You cover ground extremely quickly.
You need consume almost no food.
You have large cloven feet.
You are partially covered in rugged brown scales (AC +1, +3% HP).
Armour fits poorly on your strangely shaped body.
You can spit poison.


Message History

You are confused.
Your shadow mimicks your spell!
The shadow shard hits the deep elf knight.
Unknown command.
You bump into the translucent rock wall.
The deep elf knight casts a spell next to you.
A cloud of flames roars to life!
Unknown command.
Drink which item? (? for menu, Esc to quit)
Okay, then.
You are engulfed in roaring flames.
Unknown command.
You're too confused to move!
You are engulfed in roaring flames.
* * * LOW HITPOINT WARNING * * *
You emit a cloud of dark smoke.
The deep elf knight gestures wildly while chanting.
The deep elf knight flickers and vanishes for a moment.
Unknown command.
You bump into the stone wall.
You are engulfed in roaring flames.
You die...

▓▓▓▓▓
######))[#############***********
[#__#[###.....§§@#...#*,,,,+,,,,,
)#[_#)[)..)...##e#...##≈≈≈≈**,,**
##+##)))...).###e#...≈≈≈,,,,,,,,*
....#.........##§#e..##≈≈≈≈**,,**
....#...##_.∩#.#§ee..#*,,,,+,,,,,
###'#...###...########***********
#...#'###########################
#...#....#)#)#)....#......+%..≈≈#
#...##.#.)#.##.###.#......#...≈≈#


You could see 3 deep elf knights, a deep elf summoner and a deep elf priest.

Vanquished Creatures
  Rupert (D)
  Gastronok (D)
  Dowan (D)
  Maud (D)
  A greater naga (D)
  2 dire elephants (D)
  Erolcha (D)
  3 anacondas (D)
  2 hydras (D)
  4 death yaks (D)
  A spriggan druid (D)
  3 death drakes (D)
  A lindwurm (D)
  An orc sorcerer (D)
  A guardian serpent (D)
  2 elephants (D)
  8 black mambas (D)
  A komodo dragon (D)
  Duvessa (D)
  2 spiny frogs (D)
  A fire drake (D)
  A deep elf priest (D)
  3 wandering mushrooms (D)
  A queen bee (D)
  2 orc high priests (D)
  8 blink frogs (D)
  A shadow (D)
  2 trapdoor spiders (D)
  2 spriggans (D)
  4 redbacks (D)
  A spatial vortex (D)
  2 hill giants (D)
  2 nagas (D)
  3 water moccasins (D)
  A swamp drake (D)
  A necrophage (D)
  2 swamp dragon skeletons (D)
  3 two-headed ogres (D)
  2 brain worms (D)
  A water elemental (D)
  32 killer bees (D)
  A scorpion (D)
  An electric eel (D)
  A wizard (D)
  A jelly (D)
  5 orc priests (D)
  3 orc wizards (D)
  Jessica (D)
  A necromancer (D)
  A kobold demonologist (D)
  3 humans (D)
  4 adders (D)
  An ooze (D)
  5 orcs (D)
  2 rats (D)
  A plant (D)
144 creatures vanquished.

Vanquished Creatures (collateral kills)
  A naga warrior (D)
  3 orc warriors (D)
  An orc wizard (D)
  2 orcs (D)
7 creatures vanquished.

Vanquished Creatures (others)
  2 draconian scorchers (D)
  2 yaktaurs (D)
  6 plants (D)
10 creatures vanquished.

Grand Total: 161 creatures vanquished

Notes
Turn   | Place    | Note
--------------------------------------------------------------
     0 | D        | Kidiri the Spriggan Enchanter began the quest for the Orb.
     0 | D        | Reached XP level 1. HP: 9/9 MP: 5/5
     7 | D        | Reached skill level 5 in Stealth
    10 | D        | Noticed Jessica
    13 | D        | Killed Jessica
    13 | D        | Reached skill level 5 in Dodging
    13 | D        | Reached skill level 6 in Stealth
    13 | D        | Reached XP level 2. HP: 13/13 MP: 6/8
    13 | D        | Reached XP level 3. HP: 16/16 MP: 6/9
    50 | D        | Learned a level 2 spell: Ensorcelled Hibernation
    54 | D        | Learned a level 3 spell: Confuse
    58 | D        | Learned a level 3 spell: Tukima's Dance
    76 | D        | Killed a yaktaur
   136 | D        | Reached skill level 7 in Stealth
   171 | D        | Noticed a scorpion
   178 | D        | Killed a scorpion
   178 | D        | Reached skill level 8 in Stealth
   178 | D        | Reached skill level 5 in Spellcasting
   178 | D        | Reached skill level 5 in Hexes
   178 | D        | Reached skill level 1 in Ice Magic
   178 | D        | Reached XP level 4. HP: 21/21 MP: 10/12
   186 | D        | Learned a level 3 spell: Dazzling Spray
   200 | D        | Killed a white draconian scorcher
   203 | D        | Gained mutation: You have large cloven feet. [potion of mutation]
   203 | D        | Gained mutation: Armour fits poorly on your strangely shaped body. [potion of mutation]
   203 | D        | Gained mutation: You can spit weak poison. [potion of mutation]
   204 | D        | Gained mutation: You are partially covered in rugged brown scales (AC +1, +3% HP). [potion of mutation]
   204 | D        | Gained mutation: You can spit poison. [potion of mutation]
   225 | D        | Noticed a water elemental
   244 | D        | Killed a water elemental
   244 | D        | Reached skill level 9 in Stealth
   244 | D        | Reached skill level 1 in Conjurations
   244 | D        | Reached XP level 5. HP: 24/24 MP: 12/14
   262 | D        | Killed a white draconian scorcher
   309 | D        | Noticed a jelly
   310 | D        | Noticed a shadow
   313 | D        | Killed a shadow
   313 | D        | Reached skill level 10 in Stealth
   313 | D        | Reached XP level 6. HP: 28/28 MP: 14/17
   318 | D        | Killed a jelly
   461 | D        | Found a stormy altar of Qazlal.
   461 | D        | Noticed a spatial vortex
   462 | D        | Killed a spatial vortex
   462 | D        | Reached skill level 5 in Short Blades
   462 | D        | Reached skill level 10 in Dodging
   462 | D        | Reached skill level 11 in Stealth
   463 | D        | Found a sacrificial altar of Ru.
   463 | D        | Found a burning altar of Makhleb.
   463 | D        | Found a viscous altar of Jiyva.
   463 | D        | Found a shimmering altar of Xom.
   463 | D        | Found a shadowy altar of Dithmenos.
   463 | D        | Found a sparkling altar of Nemelex Xobeh.
   463 | D        | Found a corrupted altar of Lugonu.
   463 | D        | Found an opulent altar of Gozag.
   467 | D        | Became a worshipper of Dithmenos the Shadowed
   494 | D        | Found a radiant altar of Vehumet.
   495 | D        | Found a deep blue altar of Sif Muna.
   495 | D        | Found an ancient bone altar of Kikubaaqudgha.
   495 | D        | Noticed a wizard
   496 | D        | Killed a wizard
   498 | D        | Reached XP level 7. HP: 32/32 MP: 20/20
   511 | D        | Learned a level 1 spell: Magic Dart
   514 | D        | Learned a level 2 spell: Searing Ray
   519 | D        | Learned a level 4 spell: Fulminant Prism
   524 | D        | Learned a level 4 spell: Iskenderun's Mystic Blast
   559 | D        | Found a glowing silver altar of Zin.
   560 | D        | Found a glowing golden altar of the Shining One.
   560 | D        | Found a white marble altar of Elyvilon.
   560 | D        | Noticed a deep elf priest
   574 | D        | Killed a deep elf priest
   574 | D        | Reached skill level 12 in Stealth
   574 | D        | Reached skill level 1 in Invocations
   711 | D        | Found an iron altar of Okawaru.
   712 | D        | Found a bloodstained altar of Trog.
   712 | D        | Noticed a human
   712 | D        | Noticed a human
   714 | D        | Killed a human
   715 | D        | Killed a human
   730 | D        | Found a snail-covered altar of Cheibriados.
   730 | D        | Noticed a necrophage
   733 | D        | Noticed a necromancer
   736 | D        | Killed a necrophage
   736 | D        | Acquired Dithmenos's first power
   736 | D        | Reached XP level 8. HP: 37/37 MP: 15/22
   739 | D        | Killed a necromancer
   740 | D        | Found a basalt altar of Yredelemnul.
   740 | D        | Found a blossoming altar of Fedhas.
   802 | D        | Noticed a two-headed ogre
   802 | D        | Noticed a two-headed ogre
   806 | D        | Killed a two-headed ogre
   806 | D        | Reached skill level 10 in Spellcasting
   808 | D        | Killed a two-headed ogre
   808 | D        | Reached skill level 13 in Stealth
   812 | D        | Noticed a two-headed ogre
   813 | D        | Killed a two-headed ogre
   818 | D        | Noticed a hill giant
   821 | D        | Killed a hill giant
   821 | D        | Acquired Dithmenos's second power
   826 | D        | Noticed a hill giant
   826 | D        | Noticed Erolcha
   828 | D        | Killed Erolcha
   828 | D        | Reached skill level 14 in Stealth
   828 | D        | Reached XP level 9. HP: 40/40 MP: 23/25
   829 | D        | Killed a hill giant
   829 | D        | Reached skill level 5 in Ice Magic
   841 | D        | Learned a level 5 spell: Iskenderun's Battlesphere
   912 | D        | Noticed a redback
   924 | D        | Noticed a trapdoor spider
   925 | D        | Killed a trapdoor spider
   936 | D        | Killed a redback
   951 | D        | Noticed a trapdoor spider
   954 | D        | Killed a trapdoor spider
   954 | D        | Acquired Dithmenos's third power
  1006 | D        | Noticed a killer bee
  1006 | D        | Noticed a killer bee
  1006 | D        | Noticed a killer bee
  1006 | D        | Noticed a killer bee
  1006 | D        | Noticed a killer bee
  1006 | D        | Noticed a killer bee
  1006 | D        | Noticed a killer bee
  1006 | D        | Noticed a killer bee
  1006 | D        | Noticed a killer bee
  1006 | D        | Noticed a queen bee
  1006 | D        | Noticed a killer bee
  1006 | D        | Noticed a killer bee
  1006 | D        | Noticed a killer bee
  1006 | D        | Noticed a killer bee
  1006 | D        | Noticed a killer bee
  1007 | D        | Noticed a killer bee
  1007 | D        | Noticed a killer bee
  1007 | D        | Noticed a killer bee
  1007 | D        | Noticed a killer bee
  1007 | D        | Noticed a killer bee
  1007 | D        | Noticed a killer bee
  1007 | D        | Noticed a killer bee
  1007 | D        | Noticed a killer bee
  1007 | D        | Noticed a killer bee
  1007 | D        | Noticed a killer bee
  1007 | D        | Noticed a killer bee
  1007 | D        | Noticed a killer bee
  1007 | D        | Noticed a killer bee
  1007 | D        | Noticed a killer bee
  1007 | D        | Noticed a killer bee
  1007 | D        | Noticed a killer bee
  1007 | D        | Noticed a killer bee
  1007 | D        | Noticed a killer bee
  1008 | D        | Killed a killer bee
  1008 | D        | Reached skill level 15 in Stealth
  1009 | D        | Killed a killer bee
  1012 | D        | Killed a killer bee
  1014 | D        | Killed a killer bee
  1014 | D        | Acquired Dithmenos's fourth power
  1016 | D        | Killed a killer bee
  1018 | D        | Killed a killer bee
  1018 | D        | Reached skill level 1 in Charms
  1020 | D        | Killed a killer bee
  1022 | D        | Killed a killer bee
  1025 | D        | Killed a killer bee
  1027 | D        | Killed a killer bee
  1029 | D        | Killed a killer bee
  1031 | D        | Killed a killer bee
  1034 | D        | Killed a killer bee
  1172 | D        | Killed a killer bee
  1174 | D        | Killed a killer bee
  1176 | D        | Killed a killer bee
  1178 | D        | Killed a killer bee
  1186 | D        | Killed a killer bee
  1188 | D        | Killed a killer bee
  1419 | D        | Killed a killer bee
  1421 | D        | Killed a killer bee
  1424 | D        | Killed a killer bee
  1426 | D        | Killed a killer bee
  1428 | D        | Killed a killer bee
  1430 | D        | Killed a killer bee
  1432 | D        | Killed a queen bee
  1432 | D        | Reached skill level 5 in Conjurations
  1432 | D        | Reached XP level 10. HP: 45/45 MP: 12/27
  1434 | D        | Killed a killer bee
  1438 | D        | Killed a killer bee
  1438 | D        | Reached skill level 16 in Stealth
  1440 | D        | Killed a killer bee
  1451 | D        | Killed a killer bee
  1481 | D        | Killed a killer bee
  1622 | D        | Killed a killer bee
  1624 | D        | Killed a killer bee
  1748 | D        | Noticed a wandering mushroom
  1749 | D        | Noticed a wandering mushroom
  1749 | D        | Noticed a wandering mushroom
  1751 | D        | Killed a wandering mushroom
  1753 | D        | Killed a wandering mushroom
  1754 | D        | Killed a wandering mushroom
  1832 | D        | Killed a yaktaur
  1838 | D        | Noticed a spiny frog
  1838 | D        | Noticed a komodo dragon
  1838 | D        | Noticed a spiny frog
  1843 | D        | Killed a spiny frog
  1846 | D        | Killed a komodo dragon
  1846 | D        | Reached skill level 5 in Charms
  1849 | D        | Killed a spiny frog
  1849 | D        | Reached skill level 15 in Dodging
  1849 | D        | Reached skill level 10 in Hexes
  1864 | D        | Learned a level 7 spell: Controlled Blink
  1866 | D        | Noticed a redback
  1868 | D        | Killed a redback
  1869 | D        | Noticed a brain worm
  1873 | D        | Killed a brain worm
  1873 | D        | Reached skill level 1 in Translocations
  1878 | D        | Noticed a brain worm
  1880 | D        | Killed a brain worm
  1886 | D        | Noticed a lindwurm
  1888 | D        | Noticed a redback
  1889 | D        | Killed a lindwurm
  1889 | D        | Reached skill level 17 in Stealth
  1891 | D        | Killed a redback
  1895 | D        | Noticed a redback
  1896 | D        | Killed a redback
  1897 | D        | Noticed Maud
  1899 | D        | Killed Maud
  1899 | D        | Reached XP level 11. HP: 48/48 MP: 28/30
  1910 | D        | Noticed an electric eel
  1911 | D        | Noticed a five-headed hydra
  1911 | D        | Noticed a five-headed hydra
  1912 | D        | Killed an electric eel
  1914 | D        | Killed a five-headed hydra
  1915 | D        | Killed a five-headed hydra
  1915 | D        | Reached skill level 18 in Stealth
  1925 | D        | Noticed a death drake
  1927 | D        | Killed a death drake
  1927 | D        | Reached skill level 5 in Translocations
  1973 | D        | Found a blossoming altar of Fedhas.
  1973 | D        | Noticed a spriggan
  1973 | D        | Noticed a spriggan druid
  1973 | D        | Noticed a spriggan
  1975 | D        | Killed a spriggan druid
  1976 | D        | Killed a spriggan
  1976 | D        | Reached skill level 10 in Short Blades
  1977 | D        | Killed a spriggan
  2008 | D        | Noticed a death drake
  2008 | D        | Noticed a swamp dragon skeleton
  2010 | D        | Killed a death drake
  2011 | D        | Noticed a swamp dragon skeleton
  2011 | D        | Noticed a death drake
  2011 | D        | Found Bollawyd's Book Emporium.
  2011 | D        | Found Galidi Upol's Antique Armour Shop.
  2011 | D        | Found Fume's Distillery.
  2013 | D        | Killed a death drake
  2023 | D        | Killed a swamp dragon skeleton
  2031 | D        | Killed a swamp dragon skeleton
  2031 | D        | Reached skill level 15 in Spellcasting
  2230 | D        | Noticed a swamp drake
  2230 | D        | Noticed a fire drake
  2231 | D        | Killed a fire drake
  2233 | D        | Killed a swamp drake
  2240 | D        | Noticed a blink frog
  2240 | D        | Noticed a blink frog
  2240 | D        | Noticed a blink frog
  2242 | D        | Noticed a blink frog
  2243 | D        | Killed a blink frog
  2245 | D        | Killed a blink frog
  2246 | D        | Noticed a blink frog
  2247 | D        | Killed a blink frog
  2249 | D        | Killed a blink frog
  2250 | D        | Killed a blink frog
  2286 | D        | Noticed Rupert
  2288 | D        | Killed Rupert
  2288 | D        | Reached skill level 19 in Stealth
  2288 | D        | Reached XP level 12. HP: 52/52 MP: 27/32
  2314 | D        | Noticed a death yak
  2315 | D        | Noticed a death yak
  2315 | D        | Noticed a blink frog
  2317 | D        | Noticed a death yak
  2318 | D        | Noticed a death yak
  2322 | D        | Killed a death yak
  2326 | D        | Killed a death yak
  2331 | D        | Killed a death yak
  2332 | D        | Noticed a blink frog
  2335 | D        | Killed a blink frog
  2343 | D        | Noticed a blink frog
  2481 | D        | Noticed a black mamba
  2485 | D        | Killed a death yak
  2487 | D        | Noticed a black mamba
  2487 | D        | Killed a black mamba
  2494 | D        | Killed a black mamba
  2494 | D        | Reached skill level 10 in Charms
  2498 | D        | Killed a blink frog
  2498 | D        | Reached skill level 20 in Stealth
  2499 | D        | Killed a blink frog
  2586 | D        | Noticed an azure jelly
  2586 | D        | Noticed an azure jelly
  2601 | D        | Noticed a water moccasin
  2601 | D        | Noticed an anaconda
  2601 | D        | Noticed a black mamba
  2601 | D        | Noticed a water moccasin
  2601 | D        | Noticed a black mamba
  2603 | D        | Killed an anaconda
  2604 | D        | Killed a black mamba
  2605 | D        | Killed a water moccasin
  2606 | D        | Killed a water moccasin
  2610 | D        | Killed a black mamba
  2683 | D        | Noticed a black mamba
  2683 | D        | Noticed an anaconda
  2684 | D        | Noticed a water moccasin
  2685 | D        | Killed an anaconda
  2689 | D        | Killed a black mamba
  2692 | D        | Killed a water moccasin
  2708 | D        | Noticed a black mamba
  2708 | D        | Noticed a black mamba
  2708 | D        | Noticed an anaconda
  2709 | D        | Noticed a black mamba
  2710 | D        | Killed a black mamba
  2712 | D        | Killed an anaconda
  2714 | D        | Killed a black mamba
  2723 | D        | Killed a black mamba
  2733 | D        | Noticed a naga
  2733 | D        | Noticed a naga
  2734 | D        | Noticed a naga warrior
  2734 | D        | Noticed a greater naga
  2734 | D        | Found Utiso's Antique Armour Boutique.
  2734 | D        | Found Feol's Gadget Emporium.
  2734 | D        | Found Hacaek Bieli's Food Shop.
  2735 | D        | Killed a naga
  2736 | D        | Killed a naga
  3239 | D        | Killed a greater naga
  3256 | D        | Killed a naga warrior
  3534 | D        | Learned a level 7 spell: Malign Gateway
  3558 | D        | Noticed a guardian serpent
  3560 | D        | Killed a guardian serpent
  3560 | D        | Reached skill level 21 in Stealth
  3562 | D        | Got a serpentine rune of Zot
  3679 | D        | Noticed an azure jelly
  3679 | D        | Noticed an azure jelly
  3680 | D        | Noticed an elephant
  3680 | D        | Noticed an elephant
  3680 | D        | Noticed a dire elephant
  3680 | D        | Noticed a dire elephant
  3680 | D        | Noticed Gastronok
  3682 | D        | Killed Gastronok
  3682 | D        | Reached skill level 1 in Summonings
  3682 | D        | Reached skill level 10 in Translocations
  3682 | D        | Reached XP level 13. HP: 56/56 MP: 35/35
  3683 | D        | Killed a dire elephant
  3685 | D        | Killed a dire elephant
  3690 | D        | Killed an elephant
  3694 | D        | Killed an elephant
  3917 | D        | Noticed Dowan
  3917 | D        | Noticed Duvessa
  3919 | D        | Killed Dowan
  3929 | D        | Killed Duvessa
  3954 | D        | Noticed an orc high priest
  3954 | D        | Noticed an orc high priest
  3955 | D        | Noticed an orc priest
  3955 | D        | Noticed an orc priest
  3956 | D        | Killed an orc high priest
  3957 | D        | Killed an orc high priest
  3960 | D        | Killed an orc priest
  3961 | D        | Killed an orc priest
  4152 | D        | Noticed an orc sorcerer
  4152 | D        | Noticed an orc priest
  4152 | D        | Noticed an orc wizard
  4152 | D        | Noticed an orc warrior
  4152 | D        | Noticed an orc wizard
  4153 | D        | Noticed an orc warrior
  4153 | D        | Noticed an orc wizard
  4153 | D        | Noticed an orc priest
  4153 | D        | Noticed an orc wizard
  4153 | D        | Noticed an orc priest
  4153 | D        | Noticed an orc warrior
  4153 | D        | Found a roughly hewn altar of Beogh.
  4153 | D        | Found Zyowun's General Store.
  4154 | D        | Killed an orc priest
  4156 | D        | Killed an orc wizard
  4164 | D        | Killed an orc priest
  4165 | D        | Killed an orc wizard
  4169 | D        | Killed an orc sorcerer
  4171 | D        | Killed an orc priest
  4174 | D        | Killed an orc wizard
  4179 | D        | Killed an orc warrior
  4181 | D        | Killed an orc wizard
  4192 | D        | Killed an orc warrior
  4193 | D        | Killed an orc warrior
  4350 | D        | Noticed a deep elf knight
  4350 | D        | Noticed a deep elf knight
  4350 | D        | Noticed a deep elf summoner
  4350 | D        | Noticed a deep elf priest
  4350 | D        | Noticed a deep elf knight
  4363 | D        | Engulfed by a deep elf knight's flame

Vault maps used:
D:        dungeon_sprint_mu

Action                   |  1- 3 |  4- 6 |  7- 9 | 10-12 | 13-15 || total
-------------------------+-------+-------+-------+-------+-------++-------
Melee: Dagger            |     9 |    14 |    48 |   125 |     8 ||   204
       Short sword       |       |       |       |       |   152 ||   152
 Cast: Ensorcelled Hiber |     1 |     1 |    38 |    21 |     1 ||    62
       Tukima's Dance    |       |       |     5 |     2 |     3 ||    10
       Dazzling Spray    |       |       |     4 |    29 |    12 ||    45
       Confuse           |       |       |     2 |     1 |     1 ||     4
       Iskenderun's Batt |       |       |       |     2 |       ||     2
Invok: Shadow Step       |       |       |     2 |    15 |     4 ||    21
  Use: Potion            |       |     4 |     1 |     1 |       ||     6
       Scroll            |       |     2 |       |       |     4 ||     6
 Stab: Sleeping          |     5 |     5 |    37 |    57 |     8 ||   112
       Confused          |       |       |     1 |       |     5 ||     6
       Invisible         |       |       |       |     6 |     6 ||    12
       Distracted        |       |       |       |     1 |       ||     1
  Eat: Bread ration      |       |       |       |     1 |       ||     1
